 Dungeon Crawl Stone Soup version 0.22-a0-482-g76e0a5f (webtiles) character file.

42 suvakkihuora the Skirmisher (level 3, 0/33 HPs)
             Began as a Minotaur Assassin on June 17, 2018.
             Succumbed to a worker ant's poison
             ... on level 1 of the Dungeon.
             The game lasted 00:01:48 (1149 turns).

suvakkihuora the Skirmisher (Minotaur Assassin)     Turns: 1149, Time: 00:01:48

Health: 0/33       AC:  4    Str: 20 (21) XL:     3   Next: 33%
Magic:  2/2        EV: 11    Int:  7 (8)  God:
Gold:   101        SH:  0    Dex:  8 (11) Spells: 2/2 levels left

rFire    . . .     SeeInvis .   a - +2 dagger
rCold    . . .     Gourm    .   (no shield)
rNeg     . . .     Faith    .   l - +0 leather armour
rPois    .         Spirit   .   (helmet restricted)
rElec    .         Reflect  .   d - +0 cloak
rCorr    .         Harm     .   (no gloves)
MR       .....                  (no boots)
Stlth    ++........             (no amulet)
HPRegen  0.11/turn              (no ring)
MPRegen  0.08/turn              (no ring)

@: mighty, lethally poisoned (0 -> -4)
A: retaliatory headbutt, horns 2
a: no special abilities


You were on level 1 of the Dungeon.
You were not hungry.

You visited 1 branch of the dungeon, and saw 2 of its levels.

You collected 101 gold pieces.

Inventory:

Hand Weapons
 a - a +2 dagger (weapon)
 b - a +0 blowgun
Missiles
 e - 23 poisoned needles
 f - 2 curare-tipped needles
 h - 79 stones (quivered)
Armour
 d - a +0 cloak (worn)
 l - a +0 leather armour (worn)
Scrolls
 i - a scroll of remove curse {unknown}
 k - 2 scrolls of identify {unknown}
 m - a scroll of teleportation {unknown}
 n - a scroll of fear {unknown}
 o - a scroll of immolation {unknown}
Comestibles
 g - a ration


   Skills:
 * Level 4.1 Fighting
 - Level 2.1 Short Blades
 + Level 2.6 Throwing
 - Level 1.1 Dodging
 - Level 3.2 Stealth


You had 2 spell levels left.
You didn't know any spells.
Your spell library was empty.

Dungeon Overview and Level Annotations

Branches:
Dungeon (2/15)

Altars:


Innate Abilities, Weirdness & Mutations

You reflexively headbutt those who attack you in melee.
You have a pair of horns on your head.


Message History

You swing at nothing.
You swing at nothing.
* * * LOW HITPOINT WARNING * * *
You feel sick.
You swing at nothing.
You swing at nothing.
* * * LOW HITPOINT WARNING * * *
You feel sick.
You swing at nothing.
You swing at nothing.
* * * LOW HITPOINT WARNING * * *
You feel sick.
You swing at nothing.
You swing at nothing.
* * * LOW HITPOINT WARNING * * *
You feel sick.
You swing at nothing.
You swing at nothing.
You swing at nothing.
You die...

##...###.#.........##
#..)................
#..............#####
#...###.#..##.......
#...................
#...............####
##..###.#.......#
#..###.#..##...####
#.@................
#..###.#..##.......
#..# #.#..##...####
##.# #.#.......# #.#
#.#.......# #.#
#.#....#.## #.#
###....#.# #.#
#...##.# #.# #...##.#


There were no monsters in sight!

Vanquished Creatures
  A worker ant (D:2)
  A worm (D:1)
  5 bats (D:1)
  A giant cockroach (D:1)
  2 goblins (D:1)
  A hobgoblin (D:1)
  A kobold (D:1)
  3 frilled lizards (D:1)
  2 rats (D:1)
17 creatures vanquished.

Notes
Turn   | Place    | Note
-------+----------+-------------------------------------------
     0 | D:1      | suvakkihuora the Minotaur Assassin began the quest for the Orb.
     0 | D:1      | Reached XP level 1. HP: 18/18 MP: 0/0
    47 | D:1      | Reached skill level 3 in Fighting
    57 | D:1      | Reached XP level 2. HP: 13/26 MP: 1/1
  1131 | D:2      | Reached skill level 4 in Fighting
  1131 | D:2      | Reached XP level 3. HP: 10/33 MP: 2/2
  1144 | D:1      | HP: 1/33 [poisoned by a worker ant]
  1149 | D:1      | Succumbed to a worker ant's poison

Vault maps used:
D:1:      evilmike_arrival_run_for_it, columned_hall_lemuel
D:2:      nicolae_overflow_crystal_walls, grunt_temple_overflow_open,
          lemuel_doored_altar, serial_curves, eino_curves_01, eino_curves_02,
          eino_curves_02

Skill      XL: |  1  2 |
---------------+-------+-----
Fighting       | 3 4 |  4.1
Short Blades   | |  2.1
Throwing       | |  2.6
Dodging        | |  1.1
Stealth        | |  3.2

Action                   || total
-------------------------++-------
Melee: Dagger            ||    55
       Headbutt          ||     6
Throw: Stone             ||     9
  Use: Potion            ||     2
  Eat: Chunk             ||     1
Armor: Robe              ||     9
       Leather armour    ||     9
Dodge: Dodged            ||    30

Table legend:
 A = Spawn XP
 B = Non-spawn XP
 C = Spawn XP percentage of total XP
 D = Spawn monster count
 E = Non-spawn monster count
 F = Spawn count percentage of total count
 G = Total turns spent on level
                    A         B        C        D         E        F      G
               +---------+---------+-------+---------+---------+-------+---------
         Total |       0 |      60 |   0.0 |       0 |      17 |   0.0 |  1149
               +---------+---------+-------+---------+---------+-------+---------
           D:1 |       0 |      27 |   0.0 |       0 |      16 |   0.0 |  1129
           D:2 |       0 |      33 |   0.0 |       0 |       1 |   0.0 |    20
               +---------+---------+-------+---------+---------+-------+---------
